Binghampton Senators vs Drummondville Voltigeurs

Created - 29 février 2024 at 18:10

Goals
1 2 3 T
Binghampton Senators 0 2 0 2
Drummondville Voltigeurs 3 1 2 6
Shots
1 2 3 T
Binghampton Senators 13 10 8 31
Drummondville Voltigeurs 15 5 13 33

GoalsPenalties
1st period
1. Drummondville Voltigeurs , Boris Katchouk 68 (Isac Lundestrom 5, Julien Gauthier 50) at 4:06
2. Drummondville Voltigeurs , Kevin Rooney 38 (Ville Heinola 30) at 16:04
3. Drummondville Voltigeurs , Julien Gauthier 48 (Boris Katchouk 88, Xavier Ouellet 28) at 19:48
Simon Nemec (VOL) for Slashing (Minor) at 1:28
Boris Katchouk (VOL) for Fighting (Major) at 4:18
Tye Kartye (SEN) for Fighting (Major) at 4:18
Tye Kartye (SEN) for instigated a fight (Minor) at 4:18
Tye Kartye (SEN) for instigated a fight (10 Minutes Misconduct) at 4:18
Jean-Sebastien Dea (VOL) for Fighting (Major) at 14:03
Justin Kirkland (SEN) for Fighting (Major) at 14:03
2nd period
4. Binghampton Senators , Jonah Gadjovich 38 (Tye Kartye 72) at 2:34
5. Drummondville Voltigeurs , Jake Neighbours 52 (Julien Gauthier 51, Boris Katchouk 89) at 4:20 (PP)
6. Binghampton Senators , Tye Kartye 72 (Hendrix Lapierre 16, Oskar Back 34) at 13:25
Jonah Gadjovich (SEN) for Tripping (Minor) at 3:47
Isac Lundestrom (VOL) for Fighting (Major) at 4:31
Tye Kartye (SEN) for Fighting (Major) at 4:31
Brady Lyle (VOL) for Roughing (Minor) at 6:27
Xavier Ouellet (VOL) for Interference (Minor) at 15:33
3rd period
7. Drummondville Voltigeurs , Boris Katchouk 69 (Jean-Sebastien Dea 92) at 8:56 (PP)
8. Drummondville Voltigeurs , Julien Gauthier 49 (Jean-Sebastien Dea 93, Pierre-Olivier Joseph 57) at 12:17 (PP)
Jonah Gadjovich (SEN) for Interference (Minor) at 2:39
Alex Petrovic (SEN) for High sticking (Minor) at 8:54
Justin Kirkland (SEN) for High sticking (Minor) at 12:06
Alex Petrovic (SEN) for Roughing (Minor) at 13:56
Roland McKeown (SEN) for Tripping (Minor) at 17:31
Goalie Stats
Collin Delia (SEN), 14 saves from 18 shots - (0,778), L, 25-10-0, 24:20 minutes
Jonas Johansson (SEN), 13 saves from 15 shots - (0,867), 35:40 minutes
Zachary Fucale (VOL), 29 saves from 31 shots - (0,935), W, 6-5-1, 60:00 minutes
3 StarsOfficial
1 - Julien Gauthier (VOL)
2 - Boris Katchouk (VOL)
3 - Kevin Rooney (VOL)
Referees : Brandon Blandina and Beaudry Halkidis
Linesman : Kyle Allen and Ken Bonham
Game Note
Boris Katchouk and Tye Kartye fight to a draw at 4:18 of 1st period
Jean-Sebastien Dea beats up Justin Kirkland at 14:03 of 1st period
Jonas Johansson enters game at 4:20 of 2nd period
Tye Kartye beats up Isac Lundestrom at 4:31 of 2nd period
Finance
Level 1 -- Attendance: 1701 (85,05%) -- Ticket Income $59,535
Level 2 -- Attendance: 958 (95,80%) -- Ticket Income $14,370
Total Attendance: 2659 (88,63%)
Total Ticket Income: $73,905
Other Income: $36,213
Total Income: $110,118



Team Name Goals Shots Shots Attemp Shots Blocked PIM HIT PP PK FO%
Binghampton Senators 231681539170 / 3 (0%)343%
Drummondville Voltigeurs 633691521173 / 7 (43%)057%

Binghampton Senators
Player Name POS G A P +/- PIM HIT SHT SB MP PP MP PP SHT PK MP PK SHT FO% FOT GA TA
Alex PetrovicD0002421327:213:3103:4900% 001
Anttoni HonkaD0000000111:420:0001:3700% 000
Beck MalenstynC/LW/RW000001108:530:0000:0000% 010
Ben JonesC0001025323:463:0714:45033% 2410
Brandon GignacC/LW000-1002118:242:3900:45043% 2300
Danila KlimovichC/RW0000032115:210:4700:00050% 1201
Hendrix LapierreC011-100305:240:0000:000100% 100
Jonah GadjovichLW/RW1011423120:432:4702:2500% 310
Joseph CecconiD000-3021221:082:2603:5110% 000
Justin KirklandC/LW/RW000-1711015:192:3400:0000% 000
Nick CicekD0002010229:203:3104:2800% 002
Olle LycksellRW000-1012118:382:2401:52033% 311
Oskar BackC/RW0110015014:530:2803:110100% 300
Philip KempD0000000010:110:0001:0200% 000
Roland McKeownD000-3210020:222:2602:3700% 001
Tye KartyeLW11212205016:182:1603:43050% 600
Tyler AngleC/LW000-100005:240:0000:0000% 010
Xavier BourgaultC000-100008:020:4900:4300% 010
Drummondville Voltigeurs
Player Name POS G A P +/- PIM HIT SHT SB MP PP MP PP SHT PK MP PK SHT FO% FOT GA TA
Boris KatchoukLW2242523120:483:3813:0000% 110
Brady LyleD0000211114:410:0001:0100% 011
Gage GoncalvesC000003009:371:0500:55033% 300
Isac LundestromC/LW0112522014:530:0000:00063% 3001
Jake NeighboursLW101-1004117:303:2321:2100% 000
Jean-Sebastien DeaC022-1523019:035:0212:50054% 2610
Julien GauthierRW2242006020:094:2410:0000% 110
Kevin RooneyC/LW1010023118:153:4202:33064% 1410
Markus NiemelainenD0000000319:493:3102:0600% 001
Martin ChromiakRW000003119:150:0300:0000% 001
Michal TeplyLW/RW0000001013:380:5501:1500% 010
Mitchell ChaffeeRW000000206:490:0000:0000% 001
Pierre-Olivier JosephD0111003225:575:1103:2600% 000
Sampo RantaLW/RW000001206:490:0000:0000% 000
Simon HolmstromRW000-1002117:123:5400:0000% 000
Simon NemecD0000200114:150:0000:2500% 000
Ville HeinolaD0110000120:223:3102:3100% 001
Xavier OuelletD0111210224:555:1102:2500% 000

Binghampton Senators

5 vs 5 Forward
Line #Left WingCenterRight WingPHYDFOFWanted %Time %Time Play
1Tye KartyeBen JonesJonah Gadjovich1224037%16:52
2Justin KirklandBrandon GignacOlle Lycksell1223031%14:15
3Beck MalenstynDanila KlimovichOskar Back1222019%8:50
4Tyler AngleHendrix LapierreTye Kartye1221012%5:24
5 vs 5 Defense
Line #DefenseDefensePHYDFOFWanted %Time %Time Play
1Nick CicekAlex Petrovic1224042%19:11
2Roland McKeownJoseph Cecconi1223034%15:20
3Philip KempAnttoni Honka1222019%8:49
4Nick CicekAlex Petrovic122104%2:01
Power Play Forward
Line #Left WingCenterRight WingPHYDFOFWanted %Time %Time Play
1Tye KartyeBen JonesJonah Gadjovich1226060%3:33
2Justin KirklandBrandon GignacOlle Lycksell1224040%2:24
Power Play Defense
Line #DefenseDefensePHYDFOFWanted %Time %Time Play
1Nick CicekAlex Petrovic1226059%3:31
2Roland McKeownJoseph Cecconi1224041%2:26
Penalty Kill 4 Players Forward
Line #CenterWingPHYDFOFWanted %Time %Time Play
1Tye KartyeBen Jones1226079%6:50
2Jonah GadjovichOlle Lycksell1224021%1:52
Penalty Kill 4 Players Defense
Line #DefenseDefensePHYDFOFWanted %Time %Time Play
1Nick CicekAlex Petrovic1226056%4:51
2Roland McKeownJoseph Cecconi1224044%3:51
Penalty Kill 3 Players
Line #WingPHYDFOFWanted %Time %Time PlayDefenseDefensePHYDFOFWanted %Time %Time Play
1Tye Kartye122600%0:00 Nick CicekAlex Petrovic122600%0:00
2Ben Jones122400%0:00 Roland McKeownJoseph Cecconi122400%0:00
4 vs 4 Forward
Line #CenterWingPHYDFOFWanted %Time %Time Play
1Tye KartyeBen Jones122600%0:00
2Jonah GadjovichOlle Lycksell122400%0:00
4 vs 4 Defense
Line #DefensePHYDFOFWanted %Time %Time Play
1Nick CicekAlex Petrovic122600%0:00
2Roland McKeownJoseph Cecconi122400%0:00
Last Minutes Offensive
Left WingCenterRight WingDefenseDefense
Tye KartyeBen JonesJonah GadjovichNick CicekAlex Petrovic
Last Minutes Defensive
Left WingCenterRight WingDefenseDefense
Tye KartyeBen JonesJonah GadjovichNick CicekAlex Petrovic
Time
Total ForwardTotal DefenseLast Minutes OffensiveLast Minutes Defensive
60:00 60:00 0:000:00
Extra Forwards
Normal PowerPlayPenalty Kill
Xavier Bourgault, Danila Klimovich, Oskar BackXavier Bourgault, Danila KlimovichOskar Back
Extra Defensemen
Normal PowerPlayPenalty Kill
Philip Kemp, Anttoni Honka, Roland McKeownPhilip Kemp, Anttoni HonkaRoland McKeown
Penalty Shots
Tye Kartye, Ben Jones, Jonah Gadjovich, Olle Lycksell, Brandon Gignac
Goalie
Collin Delia, Jonas Johansson
Scratches
Mitch Eliot (Healthy), Jake Massie (Healthy), Keean Washkurak (Healthy), Kyle Olson (Healthy), Carson Gicewicz (Healthy) Wyatt Bongiovanni (Healthy), Filip Engaras (Healthy), Olle Eriksson Ek (Healthy)

Drummondville Voltigeurs

5 vs 5 Forward
Line #Left WingCenterRight WingPHYDFOFWanted %Time %Time Play
1Boris KatchoukIsac LundestromJulien Gauthier1224038%17:09
2Jake NeighboursJean-Sebastien DeaSimon Holmstrom1223028%12:33
3Michal TeplyKevin RooneyMartin Chromiak1222019%8:50
4Sampo RantaGage GoncalvesMitchell Chaffee1221015%6:49
5 vs 5 Defense
Line #DefenseDefensePHYDFOFWanted %Time %Time Play
1Pierre-Olivier JosephXavier Ouellet1223739%17:28
2Markus NiemelainenVille Heinola1223031%14:12
3Simon NemecBrady Lyle1222323%10:14
4Simon NemecBrady Lyle122108%3:27
Power Play Forward
Line #Left WingCenterRight WingPHYDFOFWanted %Time %Time Play
1Boris KatchoukJean-Sebastien DeaJulien Gauthier1226061%5:19
2Jake NeighboursKevin RooneySimon Holmstrom1224039%3:23
Power Play Defense
Line #DefenseDefensePHYDFOFWanted %Time %Time Play
1Pierre-Olivier JosephXavier Ouellet1226060%5:11
2Markus NiemelainenVille Heinola1224040%3:31
Penalty Kill 4 Players Forward
Line #CenterWingPHYDFOFWanted %Time %Time Play
1Jean-Sebastien DeaBoris Katchouk1226079%4:43
2Kevin RooneyJake Neighbours1224021%1:14
Penalty Kill 4 Players Defense
Line #DefenseDefensePHYDFOFWanted %Time %Time Play
1Pierre-Olivier JosephXavier Ouellet1226065%3:51
2Markus NiemelainenVille Heinola1224035%2:06
Penalty Kill 3 Players
Line #WingPHYDFOFWanted %Time %Time PlayDefenseDefensePHYDFOFWanted %Time %Time Play
1Jean-Sebastien Dea122600%0:00 Pierre-Olivier JosephXavier Ouellet122600%0:00
2Kevin Rooney122400%0:00 Markus NiemelainenVille Heinola122400%0:00
4 vs 4 Forward
Line #CenterWingPHYDFOFWanted %Time %Time Play
1Jean-Sebastien DeaBoris Katchouk122600%0:00
2Kevin RooneyJake Neighbours122400%0:00
4 vs 4 Defense
Line #DefensePHYDFOFWanted %Time %Time Play
1Pierre-Olivier JosephXavier Ouellet122600%0:00
2Markus NiemelainenVille Heinola122400%0:00
Last Minutes Offensive
Left WingCenterRight WingDefenseDefense
Boris KatchoukJean-Sebastien DeaJulien GauthierPierre-Olivier JosephXavier Ouellet
Last Minutes Defensive
Left WingCenterRight WingDefenseDefense
Boris KatchoukJean-Sebastien DeaJulien GauthierPierre-Olivier JosephXavier Ouellet
Time
Total ForwardTotal DefenseLast Minutes OffensiveLast Minutes Defensive
60:00 60:00 0:000:00
Extra Forwards
Normal PowerPlayPenalty Kill
Kevin Rooney, Gage Goncalves, Michal TeplyKevin Rooney, Gage GoncalvesKevin Rooney
Extra Defensemen
Normal PowerPlayPenalty Kill
Brady Lyle, Simon Nemec, Xavier OuelletVille Heinola, Brady LyleXavier Ouellet
Penalty Shots
Boris Katchouk, Julien Gauthier, Jake Neighbours, Jean-Sebastien Dea, Kevin Rooney
Goalie
Zachary Fucale, Unknown Goalie
Scratches
Brandon Davidson (Healthy), Scott Perunovich (Healthy), Kristian Reichel (Healthy), Blade Jenkins (Healthy), Luke Henman (Healthy) Matt Bartkowski (Healthy), Adam Brubacher (Healthy), Xavier Bouchard (Healthy), Chaz Lucius (Healthy), Jaxson Stauber (Healthy) Arturs Silovs (Healthy)


Play-by-Play

1st period


0:01 of 1st period - Ben Jones wins face-off versus Boris Katchouk in neutral zone.
0:10 of 1st period - Wrist shot by Tye Kartye.
0:10 of 1st period - Stopped by Zachary Fucale with a rebound.
0:12 of 1st period - Wrist shot by Tye Kartye.
0:12 of 1st period - Shot Misses the Net.
0:14 of 1st period - Wrist shot by Ben Jones.
0:14 of 1st period - Stopped by Zachary Fucale with a rebound.
0:16 of 1st period - Snap shot by Tye Kartye.
0:16 of 1st period - Stopped by Zachary Fucale without a rebound.
0:17 of 1st period - Jean-Sebastien Dea wins face-off versus Brandon Gignac in Drummondville Voltigeurs zone.
0:42 of 1st period - Markus Niemelainen is hit by Oskar Back and loses puck.
0:46 of 1st period - Icing by Michal Teply.
0:47 of 1st period - Kevin Rooney wins face-off versus Danila Klimovich in Drummondville Voltigeurs zone.
0:47 of 1st period - Kevin Rooney is hit by Danila Klimovich.
1:28 of 1st period - Minor Penalty to Simon Nemec for Slashing.
1:29 of 1st period - Jean-Sebastien Dea wins face-off versus Ben Jones in Drummondville Voltigeurs zone.
1:39 of 1st period - Snap shot by Ben Jones.
1:39 of 1st period - Stopped by Zachary Fucale without a rebound.
1:40 of 1st period - Jean-Sebastien Dea wins face-off versus Ben Jones in Drummondville Voltigeurs zone.
3:28 of 1st period - Penalty to Simon Nemec is over, Simon Nemec is back on ice.
3:51 of 1st period - Icing by Roland McKeown.
3:52 of 1st period - Danila Klimovich wins face-off versus Isac Lundestrom in Binghampton Senators zone.
3:54 of 1st period - Icing by Beck Malenstyn.
3:55 of 1st period - Isac Lundestrom wins face-off versus Olle Lycksell in Binghampton Senators zone.
3:56 of 1st period - Slapshot by Julien Gauthier.
3:56 of 1st period - Stopped by Collin Delia with a rebound.
4:02 of 1st period - Wrist shot by Isac Lundestrom.
4:02 of 1st period - Shot Misses the Net.
4:04 of 1st period - Snap shot by Boris Katchouk.
4:04 of 1st period - Stopped by Collin Delia with a rebound.
4:06 of 1st period - Snap shot by Boris Katchouk.
4:06 of 1st period - Goal by Boris Katchouk - Binghampton Senators : 0 - Drummondville Voltigeurs : 1.
4:07 of 1st period - Isac Lundestrom wins face-off versus Ben Jones in neutral zone.
4:17 of 1st period - Wrist shot by Tye Kartye.
4:17 of 1st period - Stopped by Zachary Fucale with a rebound.
4:18 of 1st period - Boris Katchouk and Tye Kartye fight to a draw.
4:18 of 1st period - Penalty to Boris Katchouk for Fighting.
4:18 of 1st period - Penalty to Tye Kartye for Fighting.
4:18 of 1st period - Penalty to Tye Kartye for instigated a fight.
4:18 of 1st period - Penalty to Tye Kartye for instigated a fight.
4:19 of 1st period - Oskar Back wins face-off versus Jean-Sebastien Dea in Drummondville Voltigeurs zone.
4:50 of 1st period - Ben Jones is hit by Gage Goncalves.
5:14 of 1st period - Snap shot by Olle Lycksell.
5:14 of 1st period - Shot Blocked by Markus Niemelainen.
6:16 of 1st period - Icing by Jean-Sebastien Dea.
6:17 of 1st period - Oskar Back wins face-off versus Jean-Sebastien Dea in Drummondville Voltigeurs zone.
6:18 of 1st period - Penalty to Tye Kartye is over, Danila Klimovich is send on ice.
6:26 of 1st period - Snap shot by Oskar Back.
6:26 of 1st period - Stopped by Zachary Fucale with a rebound.
6:32 of 1st period - Snap shot by Jean-Sebastien Dea.
6:32 of 1st period - Shot Blocked by Joseph Cecconi.
6:34 of 1st period - Snap shot by Michal Teply.
6:34 of 1st period - Shot Misses the Net.
6:52 of 1st period - Snap shot by Oskar Back.
6:52 of 1st period - Shot Blocked by Xavier Ouellet.
7:24 of 1st period - Backhand shot by Michal Teply.
7:24 of 1st period - Stopped by Collin Delia without a rebound.
7:25 of 1st period - Isac Lundestrom wins face-off versus Brandon Gignac in Binghampton Senators zone.
7:40 of 1st period - Snap shot by Julien Gauthier.
7:40 of 1st period - Shot Blocked by Alex Petrovic.
7:57 of 1st period - Snap shot by Mitchell Chaffee.
7:57 of 1st period - Shot Blocked by Olle Lycksell.
7:59 of 1st period - Wrist shot by Sampo Ranta.
7:59 of 1st period - Stopped by Collin Delia with a rebound.
8:13 of 1st period - Snap shot by Hendrix Lapierre.
8:13 of 1st period - Stopped by Zachary Fucale with a rebound.
8:45 of 1st period - Anttoni Honka is hit by Sampo Ranta and loses puck.
10:03 of 1st period - Icing by Brandon Gignac.
10:04 of 1st period - Isac Lundestrom wins face-off versus Danila Klimovich in Binghampton Senators zone.
10:19 of 1st period - Tyler Angle is hit by Jean-Sebastien Dea.
10:43 of 1st period - Alex Petrovic is hit by Gage Goncalves and loses puck.
10:56 of 1st period - Snap shot by Hendrix Lapierre.
10:56 of 1st period - Shot Misses the Net.
11:13 of 1st period - Off-side.
11:14 of 1st period - Brandon Gignac wins face-off versus Jean-Sebastien Dea in neutral zone.
11:35 of 1st period - Snap shot by Ben Jones.
11:35 of 1st period - Shot Misses the Net.
11:37 of 1st period - Slapshot by Jonah Gadjovich.
11:37 of 1st period - Shot Blocked by Martin Chromiak.
11:39 of 1st period - Snap shot by Xavier Bourgault.
11:39 of 1st period - Shot Misses the Net.
11:41 of 1st period - Wrist shot by Ben Jones.
11:41 of 1st period - Stopped by Zachary Fucale with a rebound.
11:51 of 1st period - Snap shot by Julien Gauthier.
11:51 of 1st period - Stopped by Collin Delia with a rebound.
12:36 of 1st period - Snap shot by Olle Lycksell.
12:36 of 1st period - Shot Blocked by Simon Nemec.
12:54 of 1st period - Slapshot by Gage Goncalves.
12:54 of 1st period - Shot Blocked by Jonah Gadjovich.
13:00 of 1st period - Backhand shot by Mitchell Chaffee.
13:00 of 1st period - Stopped by Collin Delia with a rebound.
13:07 of 1st period - Icing by Ben Jones.
13:08 of 1st period - Jean-Sebastien Dea wins face-off versus Ben Jones in Binghampton Senators zone.
13:24 of 1st period - Slapshot by Jake Neighbours.
13:24 of 1st period - Deflect By Simon Holmstrom.
13:24 of 1st period - Stopped by Collin Delia with a rebound.
13:56 of 1st period - Slapshot by Brandon Gignac.
13:56 of 1st period - Deflect By Justin Kirkland.
13:56 of 1st period - Shot Misses the Net.
13:56 of 1st period - Puck is out of play.
13:57 of 1st period - Brandon Gignac wins face-off versus Kevin Rooney in Drummondville Voltigeurs zone.
13:58 of 1st period - Wrist shot by Olle Lycksell.
13:58 of 1st period - Stopped by Zachary Fucale without a rebound.
13:59 of 1st period - Brandon Gignac wins face-off versus Jean-Sebastien Dea in Drummondville Voltigeurs zone.
14:03 of 1st period - Jean-Sebastien Dea beats up Justin Kirkland.
14:03 of 1st period - Penalty to Jean-Sebastien Dea for Fighting.
14:03 of 1st period - Penalty to Justin Kirkland for Fighting.
14:04 of 1st period - Kevin Rooney wins face-off versus Brandon Gignac in Drummondville Voltigeurs zone.
14:29 of 1st period - Isac Lundestrom is hit by Jonah Gadjovich and loses puck.
14:51 of 1st period - Off-side.
14:52 of 1st period - Hendrix Lapierre wins face-off versus Kevin Rooney in neutral zone.
15:57 of 1st period - Tyler Angle is hit by Kevin Rooney and loses puck.
16:04 of 1st period - Wrist shot by Kevin Rooney.
16:04 of 1st period - Goal by Kevin Rooney - Binghampton Senators : 0 - Drummondville Voltigeurs : 2.
16:05 of 1st period - Kevin Rooney wins face-off versus Olle Lycksell in neutral zone.
16:08 of 1st period - Wrist shot by Jake Neighbours.
16:08 of 1st period - Stopped by Collin Delia with a rebound.
16:10 of 1st period - Snap shot by Simon Holmstrom.
16:10 of 1st period - Stopped by Collin Delia with a rebound.
16:12 of 1st period - Snap shot by Pierre-Olivier Joseph.
16:12 of 1st period - Deflect By Jake Neighbours.
16:12 of 1st period - Shot Misses the Net.
16:12 of 1st period - Puck is out of play.
16:13 of 1st period - Brandon Gignac wins face-off versus Kevin Rooney in Binghampton Senators zone.
16:20 of 1st period - Snap shot by Kevin Rooney.
16:20 of 1st period - Shot Misses the Net.
16:22 of 1st period - Wrist shot by Kevin Rooney.
16:22 of 1st period - Stopped by Collin Delia with a rebound.
16:24 of 1st period - Slapshot by Pierre-Olivier Joseph.
16:24 of 1st period - Stopped by Collin Delia with a rebound.
16:28 of 1st period - Wrist shot by Jake Neighbours.
16:28 of 1st period - Stopped by Collin Delia with a rebound.
17:08 of 1st period - Snap shot by Hendrix Lapierre.
17:08 of 1st period - Stopped by Zachary Fucale without a rebound.
17:09 of 1st period - Brandon Gignac wins face-off versus Kevin Rooney in Drummondville Voltigeurs zone.
17:14 of 1st period - Snap shot by Brandon Gignac.
17:14 of 1st period - Shot Blocked by Jake Neighbours.
17:16 of 1st period - Slapshot by Xavier Bourgault.
17:16 of 1st period - Deflect By Brandon Gignac.
17:16 of 1st period - Stopped by Zachary Fucale without a rebound.
17:17 of 1st period - Kevin Rooney wins face-off versus Brandon Gignac in Drummondville Voltigeurs zone.
17:50 of 1st period - Wrist shot by Olle Lycksell.
17:50 of 1st period - Deflect By Brandon Gignac.
17:50 of 1st period - Shot Blocked by Markus Niemelainen.
17:50 of 1st period - Puck is out of play.
17:51 of 1st period - Isac Lundestrom wins face-off versus Ben Jones in Drummondville Voltigeurs zone.
18:16 of 1st period - Danila Klimovich is hit by Kevin Rooney and loses puck.
18:35 of 1st period - Slapshot by Jonah Gadjovich.
18:35 of 1st period - Stopped by Zachary Fucale with a rebound.
19:18 of 1st period - 10 Minutes Misconduct Penalty to Tye Kartye is over.
19:20 of 1st period - Snap shot by Ben Jones.
19:20 of 1st period - Stopped by Zachary Fucale without a rebound.
19:21 of 1st period - Isac Lundestrom wins face-off versus Brandon Gignac in Drummondville Voltigeurs zone.
19:21 of 1st period - Isac Lundestrom is hit by Olle Lycksell.
19:27 of 1st period - Xavier Ouellet is hit by Roland McKeown and loses puck.
19:34 of 1st period - Snap shot by Justin Kirkland.
19:34 of 1st period - Shot Blocked by Pierre-Olivier Joseph.
19:48 of 1st period - Wrist shot by Julien Gauthier.
19:48 of 1st period - Goal by Julien Gauthier - Binghampton Senators : 0 - Drummondville Voltigeurs : 3.
19:49 of 1st period - Brandon Gignac wins face-off versus Jean-Sebastien Dea in neutral zone.
Goals for this period are 0 for Binghampton Senators vs 3 for Drummondville Voltigeurs.
Shots for this period are 13 for Binghampton Senators vs 15 for Drummondville Voltigeurs.

2nd period


0:01 of 2nd period - Danila Klimovich wins face-off versus Jean-Sebastien Dea in neutral zone.
0:03 of 2nd period - Off-side.
0:04 of 2nd period - Jean-Sebastien Dea wins face-off versus Danila Klimovich in neutral zone.
0:29 of 2nd period - Slapshot by Simon Holmstrom.
0:29 of 2nd period - Shot Hit the Post.
0:37 of 2nd period - Wrist shot by Brandon Gignac.
0:37 of 2nd period - Deflect By Justin Kirkland.
0:37 of 2nd period - Stopped by Zachary Fucale without a rebound.
0:38 of 2nd period - Danila Klimovich wins face-off versus Isac Lundestrom in Drummondville Voltigeurs zone.
1:25 of 2nd period - Snap shot by Brandon Gignac.
1:25 of 2nd period - Shot Misses the Net.
1:29 of 2nd period - Wrist shot by Justin Kirkland.
1:29 of 2nd period - Deflect By Jake Neighbours.
1:29 of 2nd period - Shot Blocked by Brady Lyle.
1:29 of 2nd period - Puck is out of play.
1:30 of 2nd period - Jean-Sebastien Dea wins face-off versus Brandon Gignac in Drummondville Voltigeurs zone.
1:41 of 2nd period - Snap shot by Brandon Gignac.
1:41 of 2nd period - Shot Misses the Net.
1:43 of 2nd period - Slapshot by Nick Cicek.
1:43 of 2nd period - Shot Misses the Net.
1:45 of 2nd period - Snap shot by Alex Petrovic.
1:45 of 2nd period - Stopped by Zachary Fucale without a rebound.
1:46 of 2nd period - Danila Klimovich wins face-off versus Isac Lundestrom in Drummondville Voltigeurs zone.
1:47 of 2nd period - Wrist shot by Oskar Back.
1:47 of 2nd period - Deflect By Danila Klimovich.
1:47 of 2nd period - Shot Blocked by Boris Katchouk.
1:47 of 2nd period - Puck is out of play.
1:48 of 2nd period - Isac Lundestrom wins face-off versus Danila Klimovich in Drummondville Voltigeurs zone.
1:55 of 2nd period - Slapshot by Pierre-Olivier Joseph.
1:55 of 2nd period - Stopped by Collin Delia with a rebound.
1:57 of 2nd period - Slapshot by Pierre-Olivier Joseph.
1:57 of 2nd period - Stopped by Collin Delia with a rebound.
1:59 of 2nd period - Slapshot by Pierre-Olivier Joseph.
1:59 of 2nd period - Deflect By Isac Lundestrom.
1:59 of 2nd period - Shot Blocked by Nick Cicek.
1:59 of 2nd period - Puck is out of play.
2:00 of 2nd period - Danila Klimovich wins face-off versus Isac Lundestrom in Binghampton Senators zone.
2:32 of 2nd period - Slapshot by Jonah Gadjovich.
2:32 of 2nd period - Shot Blocked by Kevin Rooney.
2:34 of 2nd period - Wrist shot by Jonah Gadjovich.
2:34 of 2nd period - Goal by Jonah Gadjovich - Binghampton Senators : 1 - Drummondville Voltigeurs : 3.
2:35 of 2nd period - Ben Jones wins face-off versus Jean-Sebastien Dea in neutral zone.
3:00 of 2nd period - Beck Malenstyn is hit by Xavier Ouellet and loses puck.
3:41 of 2nd period - Simon Nemec is hit by Ben Jones and loses puck.
3:47 of 2nd period - Minor Penalty to Jonah Gadjovich for Tripping.
3:48 of 2nd period - Tye Kartye wins face-off versus Jean-Sebastien Dea in Binghampton Senators zone.
4:20 of 2nd period - Slapshot by Jake Neighbours.
4:20 of 2nd period - Goal by Jake Neighbours - Binghampton Senators : 1 - Drummondville Voltigeurs : 4.
4:20 of 2nd period - Jonas Johansson enters game.
4:21 of 2nd period - Isac Lundestrom wins face-off versus Ben Jones in neutral zone.
4:31 of 2nd period - Tye Kartye beats up Isac Lundestrom.
4:31 of 2nd period - Penalty to Isac Lundestrom for Fighting.
4:31 of 2nd period - Penalty to Tye Kartye for Fighting.
4:32 of 2nd period - Ben Jones wins face-off versus Jean-Sebastien Dea in Binghampton Senators zone.
4:45 of 2nd period - Snap shot by Jean-Sebastien Dea.
4:45 of 2nd period - Shot Blocked by Joseph Cecconi.
4:47 of 2nd period - Snap shot by Jean-Sebastien Dea.
4:47 of 2nd period - Shot Misses the Net.
5:02 of 2nd period - Backhand shot by Ben Jones.
5:02 of 2nd period - Shot Blocked by Xavier Ouellet.
5:10 of 2nd period - Snap shot by Ben Jones.
5:10 of 2nd period - Stopped by Zachary Fucale without a rebound.
5:11 of 2nd period - Kevin Rooney wins face-off versus Brandon Gignac in Drummondville Voltigeurs zone.
5:41 of 2nd period - Wrist shot by Jake Neighbours.
5:41 of 2nd period - Shot Blocked by Danila Klimovich.
5:43 of 2nd period - Wrist shot by Jean-Sebastien Dea.
5:43 of 2nd period - Stopped by Jonas Johansson without a rebound.
5:44 of 2nd period - Jean-Sebastien Dea wins face-off versus Ben Jones in Binghampton Senators zone.
6:20 of 2nd period - Snap shot by Jonah Gadjovich.
6:20 of 2nd period - Shot Misses the Net.
6:22 of 2nd period - Wrist shot by Xavier Bourgault.
6:22 of 2nd period - Shot Misses the Net.
6:27 of 2nd period - Minor Penalty to Brady Lyle for Roughing.
6:28 of 2nd period - Brandon Gignac wins face-off versus Jean-Sebastien Dea in Drummondville Voltigeurs zone.
7:13 of 2nd period - Ville Heinola is hit by Ben Jones and loses puck.
8:27 of 2nd period - Penalty to Brady Lyle is over, Brady Lyle is back on ice.
10:14 of 2nd period - Hendrix Lapierre is hit by Brady Lyle.
10:21 of 2nd period - Icing by Boris Katchouk.
10:22 of 2nd period - Brandon Gignac wins face-off versus Gage Goncalves in Drummondville Voltigeurs zone.
10:42 of 2nd period - Slapshot by Oskar Back.
10:42 of 2nd period - Shot Blocked by Pierre-Olivier Joseph.
10:47 of 2nd period - Off-side.
10:48 of 2nd period - Isac Lundestrom wins face-off versus Ben Jones in neutral zone.
10:58 of 2nd period - Off-side.
10:59 of 2nd period - Isac Lundestrom wins face-off versus Brandon Gignac in neutral zone.
11:14 of 2nd period - Snap shot by Boris Katchouk.
11:14 of 2nd period - Shot Misses the Net.
11:31 of 2nd period - Wrist shot by Brandon Gignac.
11:31 of 2nd period - Stopped by Zachary Fucale without a rebound.
11:32 of 2nd period - Kevin Rooney wins face-off versus Jonah Gadjovich in Drummondville Voltigeurs zone.
11:59 of 2nd period - Slapshot by Jake Neighbours.
11:59 of 2nd period - Deflect By Jean-Sebastien Dea.
11:59 of 2nd period - Stopped by Jonas Johansson with a rebound.
12:01 of 2nd period - Wrist shot by Jake Neighbours.
12:01 of 2nd period - Shot Misses the Net.
12:25 of 2nd period - Wrist shot by Danila Klimovich.
12:25 of 2nd period - Stopped by Zachary Fucale with a rebound.
12:27 of 2nd period - Snap shot by Beck Malenstyn.
12:27 of 2nd period - Shot Misses the Net.
12:29 of 2nd period - Slapshot by Beck Malenstyn.
12:29 of 2nd period - Stopped by Zachary Fucale without a rebound.
12:30 of 2nd period - Kevin Rooney wins face-off versus Brandon Gignac in Drummondville Voltigeurs zone.
13:19 of 2nd period - Snap shot by Tye Kartye.
13:19 of 2nd period - Shot Misses the Net.
13:21 of 2nd period - Wrist shot by Hendrix Lapierre.
13:21 of 2nd period - Stopped by Zachary Fucale with a rebound.
13:23 of 2nd period - Wrist shot by Tye Kartye.
13:23 of 2nd period - Shot Misses the Net.
13:25 of 2nd period - Snap shot by Tye Kartye.
13:25 of 2nd period - Goal by Tye Kartye - Binghampton Senators : 2 - Drummondville Voltigeurs : 4.
13:26 of 2nd period - Ben Jones wins face-off versus Isac Lundestrom in neutral zone.
13:35 of 2nd period - Wrist shot by Isac Lundestrom.
13:35 of 2nd period - Shot Misses the Net.
13:37 of 2nd period - Snap shot by Julien Gauthier.
13:37 of 2nd period - Shot Blocked by Anttoni Honka.
13:39 of 2nd period - Snap shot by Julien Gauthier.
13:39 of 2nd period - Shot Misses the Net.
14:39 of 2nd period - Tyler Angle is hit by Jean-Sebastien Dea and loses puck.
14:58 of 2nd period - Nick Cicek is hit by Isac Lundestrom and loses puck.
15:16 of 2nd period - Alex Petrovic is hit by Boris Katchouk and loses puck.
15:20 of 2nd period - Icing by Justin Kirkland.
15:21 of 2nd period - Kevin Rooney wins face-off versus Brandon Gignac in Binghampton Senators zone.
15:33 of 2nd period - Minor Penalty to Xavier Ouellet for Interference.
15:34 of 2nd period - Jean-Sebastien Dea wins face-off versus Ben Jones in Drummondville Voltigeurs zone.
16:00 of 2nd period - Jake Neighbours is hit by Alex Petrovic and loses puck.
17:33 of 2nd period - Penalty to Xavier Ouellet is over, Xavier Ouellet is back on ice.
17:45 of 2nd period - Off-side.
17:46 of 2nd period - Isac Lundestrom wins face-off versus Danila Klimovich in neutral zone.
17:56 of 2nd period - Wrist shot by Julien Gauthier.
17:56 of 2nd period - Shot Misses the Net.
18:02 of 2nd period - Xavier Ouellet is hit by Danila Klimovich.
18:03 of 2nd period - Icing by Xavier Ouellet.
18:04 of 2nd period - Ben Jones wins face-off versus Julien Gauthier in Drummondville Voltigeurs zone.
18:11 of 2nd period - Snap shot by Ben Jones.
18:11 of 2nd period - Deflect By Tye Kartye.
18:11 of 2nd period - Stopped by Zachary Fucale with a rebound.
18:28 of 2nd period - Pierre-Olivier Joseph is hit by Joseph Cecconi and loses puck.
18:47 of 2nd period - Snap shot by Mitchell Chaffee.
18:47 of 2nd period - Deflect By Sampo Ranta.
18:47 of 2nd period - Shot Blocked by Alex Petrovic.
18:47 of 2nd period - Puck is out of play.
18:48 of 2nd period - Gage Goncalves wins face-off versus Brandon Gignac in Binghampton Senators zone.
18:49 of 2nd period - Wrist shot by Mitchell Chaffee.
18:49 of 2nd period - Shot Misses the Net.
18:51 of 2nd period - Wrist shot by Gage Goncalves.
18:51 of 2nd period - Shot Misses the Net.
19:03 of 2nd period - Slapshot by Alex Petrovic.
19:03 of 2nd period - Shot Misses the Net.
19:11 of 2nd period - Isac Lundestrom is hit by Justin Kirkland and loses puck.
Goals for this period are 2 for Binghampton Senators vs 1 for Drummondville Voltigeurs.
Shots for this period are 10 for Binghampton Senators vs 5 for Drummondville Voltigeurs.

3rd period


0:01 of 3rd period - Isac Lundestrom wins face-off versus Jonah Gadjovich in neutral zone.
0:48 of 3rd period - Snap shot by Beck Malenstyn.
0:48 of 3rd period - Shot Misses the Net.
0:50 of 3rd period - Wrist shot by Oskar Back.
0:50 of 3rd period - Shot Misses the Net.
0:52 of 3rd period - Wrist shot by Beck Malenstyn.
0:52 of 3rd period - Shot Misses the Net.
0:54 of 3rd period - Snap shot by Oskar Back.
0:54 of 3rd period - Shot Misses the Net.
1:43 of 3rd period - Wrist shot by Isac Lundestrom.
1:43 of 3rd period - Stopped by Jonas Johansson with a rebound.
1:45 of 3rd period - Snap shot by Brady Lyle.
1:45 of 3rd period - Shot Blocked by Brandon Gignac.
1:47 of 3rd period - Wrist shot by Julien Gauthier.
1:47 of 3rd period - Shot Misses the Net.
1:51 of 3rd period - Wrist shot by Julien Gauthier.
1:51 of 3rd period - Stopped by Jonas Johansson with a rebound.
1:53 of 3rd period - Snap shot by Ville Heinola.
1:53 of 3rd period - Shot Misses the Net.
2:13 of 3rd period - Wrist shot by Mitchell Chaffee.
2:13 of 3rd period - Stopped by Jonas Johansson without a rebound.
2:14 of 3rd period - Isac Lundestrom wins face-off versus Ben Jones in Binghampton Senators zone.
2:17 of 3rd period - Snap shot by Julien Gauthier.
2:17 of 3rd period - Stopped by Jonas Johansson without a rebound.
2:18 of 3rd period - Isac Lundestrom wins face-off versus Ben Jones in Binghampton Senators zone.
2:39 of 3rd period - Minor Penalty to Jonah Gadjovich for Interference.
2:40 of 3rd period - Jean-Sebastien Dea wins face-off versus Tye Kartye in Binghampton Senators zone.
3:54 of 3rd period - Kevin Rooney is hit by Alex Petrovic and loses puck.
4:39 of 3rd period - Penalty to Jonah Gadjovich is over, Jonah Gadjovich is back on ice.
4:47 of 3rd period - Slapshot by Tye Kartye.
4:47 of 3rd period - Shot Misses the Net.
5:17 of 3rd period - Wrist shot by Gage Goncalves.
5:17 of 3rd period - Shot Misses the Net.
5:50 of 3rd period - Icing by Simon Nemec.
5:51 of 3rd period - Oskar Back wins face-off versus Gage Goncalves in Drummondville Voltigeurs zone.
5:54 of 3rd period - Slapshot by Oskar Back.
5:54 of 3rd period - Stopped by Zachary Fucale with a rebound.
6:10 of 3rd period - Backhand shot by Olle Lycksell.
6:10 of 3rd period - Shot Blocked by Simon Holmstrom.
6:12 of 3rd period - Snap shot by Olle Lycksell.
6:12 of 3rd period - Stopped by Zachary Fucale with a rebound.
6:38 of 3rd period - Tye Kartye is hit by Martin Chromiak and loses puck.
7:01 of 3rd period - Wrist shot by Isac Lundestrom.
7:01 of 3rd period - Shot Misses the Net.
7:17 of 3rd period - Slapshot by Beck Malenstyn.
7:17 of 3rd period - Shot Misses the Net.
7:19 of 3rd period - Snap shot by Oskar Back.
7:19 of 3rd period - Stopped by Zachary Fucale with a rebound.
7:21 of 3rd period - Wrist shot by Oskar Back.
7:21 of 3rd period - Deflect By Jake Neighbours.
7:21 of 3rd period - Stopped by Zachary Fucale with a rebound.
7:23 of 3rd period - Snap shot by Oskar Back.
7:23 of 3rd period - Shot Misses the Net.
7:27 of 3rd period - Slapshot by Danila Klimovich.
7:27 of 3rd period - Stopped by Zachary Fucale with a rebound.
7:37 of 3rd period - Snap shot by Sampo Ranta.
7:37 of 3rd period - Shot Misses the Net.
7:39 of 3rd period - Snap shot by Sampo Ranta.
7:39 of 3rd period - Stopped by Jonas Johansson with a rebound.
7:41 of 3rd period - Slapshot by Xavier Ouellet.
7:41 of 3rd period - Shot Blocked by Ben Jones.
8:01 of 3rd period - Justin Kirkland is hit by Martin Chromiak and loses puck.
8:06 of 3rd period - Wrist shot by Martin Chromiak.
8:06 of 3rd period - Shot Misses the Net.
8:20 of 3rd period - Snap shot by Danila Klimovich.
8:20 of 3rd period - Deflect By Ville Heinola.
8:20 of 3rd period - Shot Blocked by Ville Heinola.
8:20 of 3rd period - Puck is out of play.
8:21 of 3rd period - Danila Klimovich wins face-off versus Isac Lundestrom in Drummondville Voltigeurs zone.
8:22 of 3rd period - Snap shot by Oskar Back.
8:22 of 3rd period - Stopped by Zachary Fucale without a rebound.
8:23 of 3rd period - Ben Jones wins face-off versus Isac Lundestrom in Drummondville Voltigeurs zone.
8:54 of 3rd period - Minor Penalty to Alex Petrovic for High sticking.
8:55 of 3rd period - Jean-Sebastien Dea wins face-off versus Tye Kartye in Binghampton Senators zone.
8:56 of 3rd period - Snap shot by Boris Katchouk.
8:56 of 3rd period - Goal by Boris Katchouk - Binghampton Senators : 2 - Drummondville Voltigeurs : 5.
8:57 of 3rd period - Isac Lundestrom wins face-off versus Ben Jones in neutral zone.
9:00 of 3rd period - Slapshot by Xavier Ouellet.
9:00 of 3rd period - Deflect By Boris Katchouk.
9:00 of 3rd period - Shot Blocked by Alex Petrovic.
9:00 of 3rd period - Puck is out of play.
9:01 of 3rd period - Ben Jones wins face-off versus Isac Lundestrom in Binghampton Senators zone.
9:07 of 3rd period - Off-side.
9:08 of 3rd period - Isac Lundestrom wins face-off versus Ben Jones in neutral zone.
9:15 of 3rd period - Snap shot by Isac Lundestrom.
9:15 of 3rd period - Stopped by Jonas Johansson without a rebound.
9:16 of 3rd period - Ben Jones wins face-off versus Isac Lundestrom in Binghampton Senators zone.
9:20 of 3rd period - Off-side.
9:21 of 3rd period - Isac Lundestrom wins face-off versus Jonah Gadjovich in neutral zone.
9:24 of 3rd period - Alex Petrovic is hit by Boris Katchouk and loses puck.
9:47 of 3rd period - Nick Cicek is hit by Martin Chromiak and loses puck.
10:09 of 3rd period - Icing by Simon Holmstrom.
10:10 of 3rd period - Jean-Sebastien Dea wins face-off versus Danila Klimovich in Drummondville Voltigeurs zone.
10:10 of 3rd period - Jean-Sebastien Dea is hit by Danila Klimovich.
10:36 of 3rd period - Markus Niemelainen is hit by Jonah Gadjovich and loses puck.
10:57 of 3rd period - Slapshot by Kevin Rooney.
10:57 of 3rd period - Stopped by Jonas Johansson without a rebound.
10:58 of 3rd period - Brandon Gignac wins face-off versus Kevin Rooney in Binghampton Senators zone.
11:08 of 3rd period - Icing by Michal Teply.
11:09 of 3rd period - Kevin Rooney wins face-off versus Ben Jones in Drummondville Voltigeurs zone.
11:16 of 3rd period - Snap shot by Jonah Gadjovich.
11:16 of 3rd period - Stopped by Zachary Fucale with a rebound.
11:24 of 3rd period - Wrist shot by Kevin Rooney.
11:24 of 3rd period - Shot Blocked by Nick Cicek.
11:26 of 3rd period - Slapshot by Pierre-Olivier Joseph.
11:26 of 3rd period - Shot Blocked by Ben Jones.
11:28 of 3rd period - Snap shot by Kevin Rooney.
11:28 of 3rd period - Shot Misses the Net.
11:50 of 3rd period - Snap shot by Martin Chromiak.
11:50 of 3rd period - Stopped by Jonas Johansson without a rebound.
11:51 of 3rd period - Brandon Gignac wins face-off versus Isac Lundestrom in Binghampton Senators zone.
12:00 of 3rd period - Snap shot by Julien Gauthier.
12:00 of 3rd period - Shot Misses the Net.
12:02 of 3rd period - Slapshot by Brady Lyle.
12:02 of 3rd period - Stopped by Jonas Johansson without a rebound.
12:03 of 3rd period - Olle Lycksell wins face-off versus Isac Lundestrom in Binghampton Senators zone.
12:03 of 3rd period - Olle Lycksell is hit by Isac Lundestrom.
12:06 of 3rd period - Minor Penalty to Justin Kirkland for High sticking.
12:07 of 3rd period - Tye Kartye wins face-off versus Jean-Sebastien Dea in Binghampton Senators zone.
12:15 of 3rd period - Backhand shot by Jean-Sebastien Dea.
12:15 of 3rd period - Stopped by Jonas Johansson with a rebound.
12:17 of 3rd period - Snap shot by Julien Gauthier.
12:17 of 3rd period - Goal by Julien Gauthier - Binghampton Senators : 2 - Drummondville Voltigeurs : 6.
12:18 of 3rd period - Isac Lundestrom wins face-off versus Ben Jones in neutral zone.
12:51 of 3rd period - Off-side.
12:52 of 3rd period - Jean-Sebastien Dea wins face-off versus Brandon Gignac in neutral zone.
13:31 of 3rd period - Icing by Boris Katchouk.
13:32 of 3rd period - Isac Lundestrom wins face-off versus Brandon Gignac in Drummondville Voltigeurs zone.
13:39 of 3rd period - Brady Lyle is hit by Nick Cicek.
13:44 of 3rd period - Off-side.
13:45 of 3rd period - Jean-Sebastien Dea wins face-off versus Ben Jones in neutral zone.
13:54 of 3rd period - Slapshot by Jean-Sebastien Dea.
13:54 of 3rd period - Shot Blocked by Ben Jones.
13:56 of 3rd period - Minor Penalty to Alex Petrovic for Roughing.
13:57 of 3rd period - Tye Kartye wins face-off versus Jean-Sebastien Dea in Binghampton Senators zone.
14:26 of 3rd period - Snap shot by Jake Neighbours.
14:26 of 3rd period - Stopped by Jonas Johansson with a rebound.
14:44 of 3rd period - Slapshot by Jonah Gadjovich.
14:44 of 3rd period - Shot Misses the Net.
14:46 of 3rd period - Snap shot by Joseph Cecconi.
14:46 of 3rd period - Stopped by Zachary Fucale with a rebound.
15:06 of 3rd period - Pierre-Olivier Joseph is hit by Joseph Cecconi and loses puck.
15:56 of 3rd period - Penalty to Alex Petrovic is over, Alex Petrovic is back on ice.
15:57 of 3rd period - Alex Petrovic is hit by Gage Goncalves and loses puck.
16:12 of 3rd period - Slapshot by Olle Lycksell.
16:12 of 3rd period - Shot Blocked by Markus Niemelainen.
17:31 of 3rd period - Minor Penalty to Roland McKeown for Tripping.
17:32 of 3rd period - Jean-Sebastien Dea wins face-off versus Tye Kartye in Binghampton Senators zone.
19:31 of 3rd period - Penalty to Roland McKeown is over, Roland McKeown is back on ice.
19:54 of 3rd period - Mitchell Chaffee is hit by Beck Malenstyn and loses puck.
Goals for this period are 0 for Binghampton Senators vs 2 for Drummondville Voltigeurs.
Shots for this period are 8 for Binghampton Senators vs 13 for Drummondville Voltigeurs.




Output by the SimonT Hockey Simulator (STHS) for Eric Tremblay - Original Page W3C HTML5 Valid
Hockey Simulator - Hockey Simulation - Hockey Manager